 Dungeon Crawl Stone Soup version 0.24-a0-434-gd57e52fea8 (webtiles) character file.

Game seed: 15417864546481519670

64 mhoghedin the Conjurer (level 3, -1/26 HPs)
             Began as a Draconian Conjurer on June 15, 2019.
             Slain by a goblin (5 damage)
             ... led by Robin
             ... on level 1 of the Dungeon.
             The game lasted 00:02:30 (1429 turns).

mhoghedin the Conjurer (Draconian Conjurer)         Turns: 1429, Time: 00:02:30

Health: -1/26      AC:  5    Str: 10    XL:     3   Next: 91%
Magic:  2/7        EV: 12    Int: 16    God:
Gold:   21         SH:  0    Dex: 11    Spells: 2/8 levels left

rFire    . . .     SeeInvis .   h - -1 whip
rCold    . . .     Gourm    .   (no shield)
rNeg     . . .     Faith    .   (armour unavailable)
rPois    .         Spirit   .   (helmet restricted)
rElec    .         Reflect  .   (no cloak)
rCorr    .         Harm     .   (no gloves)
MR       .....     Rnd*Rage +   (no boots)
Stlth    ++........             (no amulet)
HPRegen  0.08/turn              (no ring)
MPRegen  0.10/turn              (no ring)

@: about to teleport, very slightly contaminated
A: unfitting armour, fangs 1, berserk 1, cold-blooded, AC +5
a: no special abilities


You were on level 1 of the Dungeon.
You were not hungry.

You visited 1 branch of the dungeon, and saw 2 of its levels.

You collected 21 gold pieces.

Inventory:

Hand Weapons
 h - a -1 whip (weapon)
   (You found it on level 1 of the Dungeon)
Scrolls
 d - 2 scrolls of remove curse
Comestibles
 b - 2 rations
 i - a chunk of flesh {@w0}


   Skills:
 - Level 1.7 Dodging
 - Level 1.7 Stealth
 + Level 3.1 Spellcasting
 + Level 4.8 Conjurations


You had 2 spell levels left.
You knew the following spells:

 Your Spells              Type           Power        Failure   Level  Hunger
a - Magic Dart            Conj           ###.         2%          1    None
b - Searing Ray           Conj           ###...       3%          2    ##.....
c - Dazzling Spray        Conj/Hex       ##....       21%         3    ###....

Your spell library contained the following spells:

 Spells                   Type           Power        Failure   Level  Hunger
 Iskenderun's Mystic Bla  Conj           ###.....     26%         4    ####...
 Force Lance              Conj/Tloc      ##......     56%         4    ####...
 Fulminant Prism          Conj/Hex       ##........   56%         4    ####...


Dungeon Overview and Level Annotations

Branches:
Dungeon (2/15)

Altars:

Annotations:
D:1 Robin


Innate Abilities, Weirdness & Mutations

Your plain brown scales are hard. (AC +5)
You cannot fit into any form of body armour.
You are cold-blooded and may be slowed by cold attacks.
You have very sharp teeth.
You tend to lose your temper in combat.


Message History

The adder hisses angrily.
A goblin comes into view. x2
The goblin hits you but does no damage.
You now have 3/7 mp.
Aim: Robin, wielding a +0 dagger, wearing a +0 animal skin and wearing a +0 helmet (lightly wounded)
The magic dart hits Robin.
The goblin shouts! x2
A goblin comes into view. It is wielding a +0 dagger.
You now have 2/7 mp.
The goblin shouts!
The goblin barely misses you. Robin hits you but does no damage.
You climb upwards.
There is a stone staircase leading down here.
You hit the goblin.
You kill the goblin!
No target in view!
Things that are here:
a +0 club; a goblin corpse You butcher the goblin corpse.
i - a chunk of flesh {@w0}
Things that are here:
a +0 club; a goblin skeleton You start resting.
Health restored: 26; MP restored: 7 Memorise Dazzling Spray, consuming 3 spell levels and leaving 2?
You start memorising the spell.
You continue memorising. x3
You finish memorising.
Spell assigned to 'c'.
There is a stone staircase leading down here.
You climb downwards.
Level annotation: Robin The goblin hits you but does no damage. x2
The hobgoblin hits you but does no damage.
Robin barely misses you. The goblin hits you but does no damage.
There is a stone staircase leading up, spattered with blood here.
You see here 2 stones.
Aim: a hobgoblin, wielding a +0 club You miscast Dazzling Spray.
You are very lightly contaminated with residual magic.
Nothing appears to happen.
The goblin hits you. The hobgoblin misses you.
Robin roars a battlecry!
The goblins go into a battle-frenzy!
The goblin closely misses you.
You take 1 damage, and have 25/26 hp.
You now have 4/7 mp.
Aim: a hobgoblin, wielding a +0 club (unusually strong)
You miscast Dazzling Spray.
Your skin tingles.
The adder bites you. The goblin hits you but does no damage.
The hobgoblin hits you with a cursed +0 club.
Robin hits you with a +0 dagger. The adder bites you. The goblin hits you.
You take 11 damage, and have 14/26 hp.
MASSIVE DAMAGE!!
You now have 1/7 mp.
You don't have enough magic to cast that spell.
The goblin hits you. The adder barely misses you.
Robin says, "Kneel, worm!"
Robin hits you with a +0 dagger.
The hobgoblin hits you with a cursed +0 club.
* * * LOW HITPOINT WARNING * * *
The goblin hits you but does no damage.
You climb upwards.
There is a stone staircase leading down here.
You take 10 damage, and have 4/26 hp.
MASSIVE DAMAGE!!
As you read the scroll labeled HISO HIGGIRGH, it crumbles to dust.
You feel as if something is helping you.
It was a scroll of remove curse.
The goblin barely misses you. The adder bites you but does no damage.
The goblin barely misses you.
As you read the scroll labeled HECROR XUPSIO, it crumbles to dust.
The creatures around you are filled with an inner flame!
It was a scroll of immolation.
The adder closely misses you. The goblin misses you.
The goblin hits you but does no damage. The adder bites you but does no damage.
As you read the scroll labeled RAUSTR POIRYITA, it crumbles to dust.
It is a scroll of identify.
a - a potion of mutation The goblin hits you.
* * * LOW HITPOINT WARNING * * *
The adder barely misses you. The goblin closely misses you.
You take 4 damage, and have 1/26 hp.
It was a potion of curing.
You feel better. The goblin hits you. The adder barely misses you.
The goblin barely misses you.
You regained 8 hp, and now have 9/26 hp.
As you read the scroll labeled ZILADU BODAEZ, it crumbles to dust.
You feel strangely unstable.
It was a scroll of teleportation.
The adder bites you but does no damage. The goblin misses you.
The goblin barely misses you. The adder bites you.
* * * LOW HITPOINT WARNING * * *
You take 3 damage, and have 6/26 hp.
Unknown command.
Okay, then.
Really quaff
a - a potion of mutation {!q}?
Really quaff the potion of mutation?
You feel extremely strange.
You feel a little pissed off.
Your teeth lengthen and sharpen.
The goblin barely misses you. The adder bites you but does no damage.
The goblin hits you.
* * * LOW HITPOINT WARNING * * *
You take 2 damage, and have 4/26 hp.
Unknown command.
The goblin hits you.
You die...

......)............#
###................#
(#.....#####.......#
###....########....#
...................#
#########...###...##
###...#..g#
###.###S# #..g@g#
#######


You could see Robin (inner flame), an adder (inner flame) and 2 goblins.

Vanquished Creatures
  2 adders
  2 leopard geckos
  2 ball pythons (D:1)
  A giant cockroach (D:1)
  13 goblins
  4 hobgoblins
  A quokka (D:2)
  4 bats
  2 frilled lizards (D:2)
  8 kobolds
  2 rats (D:1)
41 creatures vanquished.

Notes
Turn   | Place    | Note
-------+----------+-------------------------------------------
     0 | D:1      | mhoghedin the Draconian Conjurer began the quest for the
                  | Orb.
     0 | D:1      | Reached XP level 1. HP: 14/14 MP: 3/3
   178 | D:1      | Reached XP level 2. HP: 20/20 MP: 1/5
   446 | D:1      | Learned a level 2 spell: Searing Ray
  1073 | D:2      | Reached XP level 3. HP: 26/26 MP: 7/7
  1287 | D:2      | Reached skill level 3 in Spellcasting
  1293 | D:2      | Noticed Robin
  1416 | D:1      | Learned a level 3 spell: Dazzling Spray
  1421 | D:2      | HP: 4/26 [hobgoblin/cursed +0 club[Robin] (5)]
  1425 | D:1      | HP: 1/26 [goblin[Robin] (4)]
  1428 | D:1      | Gained mutation: You tend to lose your temper in combat.
                  | [potion of mutation]
  1428 | D:1      | Gained mutation: You have very sharp teeth. [potion of
                  | mutation]
  1429 | D:1      | Slain by a goblin

Levels and vault maps discovered:
D:1:      lightli_arrival_noodles, layout_rooms, st_stairs_2,
          minmay_heptomino_h4
D:2:      layout_rooms, eat_drink_and_be_merry_uskayaw, tso_altar,
          minmay_diced_spiral, uniq_robin

Skill      XL: |  1  2  3 |
---------------+----------+-----
Spellcasting   | 3 |  3.1
Dodging        | |  1.7
Stealth        | |  1.7
Conjurations   | |  4.8

Action                   || total
-------------------------++-------
Melee: Club              ||    38
       Tailslap          ||     6
       Whip              ||     8
 Cast: Magic Dart        ||    57
  Use: Scroll            ||     4
       Potion            ||     2
  Eat: Chunk             ||     2
Armor: Skin              ||    36
Dodge: Dodged            ||    75

Table legend:
 A = Non-vault XP
 B = Vault XP
 C = Vault XP percentage of total XP
 D = Non-vault monster count
 E = Vault monster count
 F = Vault count percentage of total count
                 A         B        C        D         E       F
            +---------+---------+-------+---------+---------+-------
      Total |      54 |      38 |  41.3 |      25 |      16 |  39.0
            +---------+---------+-------+---------+---------+-------
        D:1 |      30 |      24 |  44.4 |      18 |       7 |  28.0
        D:2 |      24 |      14 |  36.8 |       7 |       9 |  56.2
            +---------+---------+-------+---------+---------+-------

Levels and vault maps discovered:
D:1:      lightli_arrival_noodles, layout_rooms, st_stairs_2,
          minmay_heptomino_h4
D:2:      layout_rooms, eat_drink_and_be_merry_uskayaw, tso_altar,
          minmay_diced_spiral, uniq_robin

Table legend:
 A = Turns spent in this place as a percentage of turns spent in the entire game.
 B = Non-inter-level travel turns spent in this place as a percentage of non-inter-level travel turns spent in the entire game.
 C = Inter-level travel turns spent in this place as a percentage of turns spent in this place.
 D = Turns resting spent in this place as a percentage of non-inter-level travel turns spent in this place.
 E = Turns spent auto-exploring this place as a percentage of non-inter-level travel turns spent in this place.
 F = Non-inter-level travel turns spent in this place divided by the number of levels of this place that you've seen.
                   A       B       C       D       E      F
               +-------+-------+-------+-------+-------+----------------------
         Total | 100.0 | 100.0 |   4.7 |  55.3 |  28.0 | 681.0
       Dungeon | 100.0 | 100.0 |   4.7 |  55.3 |  28.0 | 681.0
               +-------+-------+-------+-------+-------+----------------------

Table legend:
 A = Kills in this place as a percentage of kills in entire the game.
 B = Kills by you in this place as a percentage of kills by you in the entire game.
 C = Kills by friends in this place as a percentage of kills by friends in the entire game.
 D = Other kills in this place as a percentage of other kills in the entire game.
 E = Experience gained in this place as a percentage of experience gained in the entire game.
 F = Experience gained in this place divided by the number of levels of this place that you have seen.
                   A       B       C       D       E      F
               +-------+-------+-------+-------+-------+----------------------
         Total | 100.0 | 100.0 |   N/A |   N/A | 100.0 |  46.0
       Dungeon | 100.0 | 100.0 |   N/A |   N/A | 100.0 |  46.0
               +-------+-------+-------+-------+-------+----------------------
